[Event "*** Titled Tuesday Blitz"]
[Site "Chess.com"]
[Date "2020.04.07"]
[Round "9"]
[White "ckgchess"]
[Black "GMNeiksans"]
[Result "0-1"]
[WhiteElo "2639"]
[BlackElo "2846"]
[TimeControl "180+1"]
[EndTime "14:46:36 PDT"]
[Termination "GMNeiksans won on time"]

1. e4 c5 2. c3 Nf6 3. e5 Nd5 4. d4 cxd4 5. Qxd4 e6 6. Nf3 Nc6 7. Qe4 f5 8. Qe2 Qc7 9. g3 b5 10. Bg2 a5 11. O-O Ba6 12. Nbd2 g6 13. Rd1 Bg7 14.
Nf1 O-O 15. Bf4 b4 16. c4 Nd8 17. Rac1 Nxf4 18. gxf4 Nb7 19. Rc2 Rac8 20. b3 Bh6 21.
Rcd2 Nc5 22. Ng5 Bb7 23. Bxb7 Qxb7 24. h4 Rc7 25. Ng3 a4 26. Qe3 axb3 27. axb3 Ra8 28. Ne2 Bxg5 29. hxg5 Qe4 30. Qxe4 fxe4 31. Nd4 Rca7 32.
Nc2 Rb7 33. Rd6 Rf8 0-1

[Event "*** Titled Tuesday Blitz"]
[Site "Chess.com"]
[Date "2020.04.07"]
[Round "9"]
[White "Tjktiger"]
[Black "ChristopherYoo"]
[Result "1-0"]
[WhiteElo "2850"]
[BlackElo "2671"]
[TimeControl "180+1"]
[EndTime "14:46:37 PDT"]
[Termination "Tjktiger won by resignation"]

1. c4 Nf6 2. Nc3 g6 3. g3 Bg7 4. Bg2 c6 5. e4 d5 6. cxd5 cxd5 7. e5 Ne4 8. d4 Nc6 9. Nge2 Nxc3 10. bxc3 O-O 11. h4 h6 12. Be3 Bg4 13. f3 Be6 14.
Qd2 Kh7 15. Nf4 Bc8 16. g4 f5 17. h5 g5 18. Ng6 Rf7 19. f4 gxf4 20. Nxf4 fxg4 21. O-O e6 22. Qc2+ Kg8 23. Ng6 Ne7 24. Rxf7 Kxf7 25. Nxe7 Qxe7 26. Bxh6 Bxh6 27. Qg6+ Kf8 28.
Rf1+ Bf4 29. Rxf4+ 1-0

[Event "*** Titled Tuesday Blitz"]
[Site "Chess.com"]
[Date "2020.04.07"]
[Round "9"]
[White "Slovak_fighter2000"]
[Black "Unknown_IM"]
[Result "1/2-1/2"]
[WhiteElo "2503"]
[BlackElo "2615"]
[TimeControl "180+1"]
[EndTime "14:46:38 PDT"]
[Termination "Game drawn by agreement"]

1. d4 d5 2. Nf3 Nf6 3. Bf4 c5 4. e3 Nc6 5. Nbd2 Bg4 6. c3 e6 7. Qa4 Nd7 8. h3 Bf5 9. Bb5 Qb6 10. O-O Be7 11. Ne5 Ndxe5 12. Bxe5 O-O 13. Bg3 Rac8 14.
dxc5 Bxc5 15. Nb3 a6 16. Bxc6 Rxc6 17. Nxc5 Rxc5 18. Qd4 Rfc8 19. b4 R5c6 20. Qxb6 Rxb6 21. Be5 Rbc6 22. Bd4 f6 23. f4 Rc4 24. Rac1 R8c6 25.
a4 Kf7 26. a5 h5 27. Kf2 Ke7 28. Rg1 h4 29. Ke2 Kd6 30. Kd2 e5 31. Ba7 Ke6 32. Rgf1 Rc8 33. Bc5 Rd8 34. Rce1 Rc8 1/2-1/2

[Event "*** Titled Tuesday Blitz"]
[Site "Chess.com"]
[Date "2020.04.07"]
[Round "9"]
[White "TotallyNotAnAlt"]
[Black "kenta1234"]
[Result "1/2-1/2"]
[WhiteElo "2208"]
[BlackElo "2611"]
[TimeControl "180+1"]
[EndTime "14:46:38 PDT"]
[Termination "Game drawn by repetition"]

1. d4 Nf6 2. c4 g6 3. Nc3 Bg7 4. e4 d6 5. Bd3 O-O 6. Nge2 e5 7. d5 a5 8. O-O Na6 9. Bg5 Nc5 10. Bc2 h6 11. Be3 Ng4 12. Bd2 Qh4 13. h3 Nf6 14. Ng3 Nh7 15. Nb5 Ng5 16. Nxc7 Rb8 17. Nb5 Ngxe4 18.
Nxe4 Nxe4 19. Bxe4 Qxe4 20. Nxd6 Qd4 21. Bc3 Qc5 22.
Nxc8 Rbxc8 23. b3 b5 24. Rc1 bxc4 25. bxc4 Qxc4 26. Bxa5 Qxa2 27. Ra1 Qc4 28. d6 e4 29. d7 Ra8 30. Rc1 Qd4 31. Qxd4 Bxd4 32. Rfd1 Bf6 33. Bc7 Kg7 34. Rc4 e3 35. fxe3 Bd8 36. Bxd8 Rfxd8 37. Rcd4 Ra7 38. Kf2 Kf6 39. Rf4+ Ke7 40. Re4+ Kf8 41. Red4 Ke7 42. Re4+ Kf8 43. Red4 Ra2+ 44. Kf3 Ra5 45. g4 h5 46. gxh5 Rxh5 47. h4 Ke7 48. Re4+ Kf8 49.
Kg3 Rc5 50. Red4 Rc3 51. Kf4 Rc5 52. Rd5 Rc4+ 53. e4 f5 54. R1d4 Rxd4 55. Rxd4 fxe4 56. Kxe4 Ke7 57. Kf4 Kf6 58. Rd6+ Ke7 59. Rd4 Kf6 60. Rd6+ Ke7 61. Rd4 1/2-1/2

[Event "*** Titled Tuesday Blitz"]
[Site "Chess.com"]
[Date "2020.04.07"]
[Round "9"]
[White "BvsN"]
[Black "guilhermedeola"]
[Result "1-0"]
[WhiteElo "2312"]
[BlackElo "2130"]
[TimeControl "180+1"]
[EndTime "14:46:39 PDT"]
[Termination "BvsN won by resignation"]

1. d4 d5 2. Nf3 e6 3. e3 Nf6 4. Bd3 c5 5. c3 Nc6 6. O-O Be7 7. Nbd2 Bd7 8. Ne5 O-O 9. f4 cxd4 10. exd4 Re8 11. Rf3 g6 12. Rh3 Bf8 13. g4 Bg7 14.
g5 Nh5 15. Nf1 f6 16. Nxg6 hxg6 17. Bxg6 fxg5 18. Qxh5 Kf8 19. fxg5 e5 20. Rf3+ Ke7 21. Rf7+ Kd6 22. Rxg7 Rh8 23. Rh7 Rf8 24. Be3 b6 25. Ng3 Kc7 26. Rf1 Kc8 27. Rxf8 Qxf8 28. Rh8 Kb7 29.
Rxf8 Rxf8 30. Bf7 exd4 31. cxd4 Nb4 32. g6 Nc2 33. g7 Rd8 34. Bxd5+ Ka6 35. Bc4+ Kb7 36.
g8=Q Rxg8 37. Bxg8 Nxe3 38. Qf3+ Bc6 39. Qxe3 1-0

[Event "*** Titled Tuesday Blitz"]
[Site "Chess.com"]
[Date "2020.04.07"]
[Round "9"]
[White "Antipov_Mikhail_Al"]
[Black "Sebastian"]
[Result "1-0"]
[WhiteElo "2966"]
[BlackElo "2996"]
[TimeControl "180+1"]
[EndTime "14:46:40 PDT"]
[Termination "Antipov_Mikhail_Al won by checkmate"]

1. e4 c5 2. Nf3 d6 3. d4 cxd4 4.
Nxd4 Nf6 5. f3 e5 6. Nb3 Be7 7. c4 a5 8. Nc3 a4 9. Nd2 Qa5 10. Ndb1 O-O 11. Bd2 Bd8 12. Na3 Nc6 13. Nab5 Qa6 14.
Nd5 Rb8 15. b4 Nd4 16. Nxd4 exd4 17. b5 Qa7 18. Bd3 Nxd5 19. cxd5 Ba5 20. O-O Bxd2 21.
Qxd2 Bd7 22. Qb4 Qb6 23. Rac1 Rfc8 24. Kh1 Ra8 25. a3 g6 26. h4 h5 27. Kh2 Kg7 28. f4 Kg8 29. f5 Qd8 30. fxg6 fxg6 31. Qxd6 Qxh4+ 32. Kg1 Qg4 33. Rxc8+ Rxc8 34. e5 Be8 35.
Rf8+ Kh7 36. Qe7+ Kh6 37. Rh8# 1-0

[Event "*** Titled Tuesday Blitz"]
[Site "Chess.com"]
[Date "2020.04.07"]
[Round "9"]
[White "IAgrest"]
[Black "stolencandy13"]
[Result "0-1"]
[WhiteElo "2213"]
[BlackElo "2437"]
[TimeControl "180+1"]
[EndTime "14:46:41 PDT"]
[Termination "stolencandy13 won on time"]

1. e4 c6 2. d4 d5 3. f3 Qb6 4. Nc3 dxe4 5. Bc4 Nf6 6. fxe4 e5 7. Nf3 exd4 8. Qxd4 Qxd4 9. Nxd4 Bb4 10. Bd2 O-O 11.
O-O-O Bxc3 12. Bxc3 Nxe4 13. Be1 Nd7 14. Nf3 Ndf6 15. Rf1 Bg4 16. h3 Bh5 17. g4 Bg6 18.
Nh4 Rad8 19. Rxd8 Rxd8 20. Nf5 Bxf5 21. Rxf5 Nd6 22. Rf4 Nxc4 23. Rxc4 Nd5 24. Re4 Kf8 25. Bf2 b6 26. Ra4 Rd7 27. Re4 Re7 28. Rxe7 Kxe7 29.
Kd2 Kd6 30. Bg3+ Kd7 31. Bb8 a6 32. Bg3 c5 33. a3 b5 34. Kd3 Ke6 35. Ke4 Nb6 36. b3 f6 37. Bf2 Nd7 38. Be3 g6 39. Bf2 f5+ 40. Kf4 h6 41. gxf5+ gxf5 42. h4 c4 0-1

[Event "*** Titled Tuesday Blitz"]
[Site "Chess.com"]
[Date "2020.04.07"]
[Round "9"]
[White "zacachess"]
[Black "MixMasterChess"]
[Result "1-0"]
[WhiteElo "2297"]
[BlackElo "2125"]
[TimeControl "180+1"]
[EndTime "14:46:41 PDT"]
[Termination "zacachess won on time"]

1. e4 e6 2. d4 d5 3. Nd2 c5 4.
exd5 Qxd5 5. dxc5 Nf6 6. Ngf3 Bxc5 7. Bc4 Qd7 8. O-O a6 9. c3 b5 10. Bb3 Bb7 11. Qe2 Nc6 12. Re1 O-O 13. Ng5 h6 14. Nge4 Be7 15. Nxf6+ Bxf6 16. Ne4 Be7 17. Qh5 Na5 18.
Bc2 Qd5 19. Qh3 Nc4 20. Bxh6 gxh6 21. Qxh6 f5 22. Qg6+ Kh8 23. Rad1 Qe5 24. Rd3 Qg7 25. Rh3+ Kg8 26. Qxe6+ Qf7 27. Qh6 Qg7 28. Rg3 Qxg3 29. Nxg3 Rf6 30. Qg5+ Kf7 31. Nxf5 1-0

[Event "*** Titled Tuesday Blitz"]
[Site "Chess.com"]
[Date "2020.04.07"]
[Round "9"]
[White "ama18"]
[Black "checkmatequen"]
[Result "0-1"]
[WhiteElo "2438"]
[BlackElo "2279"]
[TimeControl "180+1"]
[EndTime "14:46:43 PDT"]
[Termination "checkmatequen won on time"]

1. e4 c5 2. Nf3 e6 3. d4 cxd4 4. Nxd4 a6 5. c4 Nf6 6. Nc3 Bb4 7. Nc2 Bxc3+ 8. bxc3 Qc7 9. Bd3 Nc6 10. O-O Ne5 11. Bf4 d6 12. Be2 O-O 13. Qd4 Bd7 14. c5 Nc6 15. Qxd6 Qxd6 16. Bxd6 Nxe4 17. Bxf8 Kxf8 18. Nd4 Nxc5 19. Bf3 Rc8 20. Rab1 b5 21. Nxc6 Bxc6 22. Bxc6 Rxc6 23. Rb4 Na4 24. Rc1 Nxc3 25. Kf1 Rc5 26.
Rb3 Ne4 27. Rxc5 Nxc5 28. Ra3 Ke7 29. Ke2 Kd6 30. Kd2 Kc6 31. Rh3 h6 32. Rg3 g6 33.
Rh3 h5 34. f4 Kd5 35. Re3 Kd4 36. Re5 a5 37. Re1 b4 38. Rc1 b3 0-1

[Event "*** Titled Tuesday Blitz"]
[Site "Chess.com"]
[Date "2020.04.07"]
[Round "9"]
[White "MartinCerveny"]
[Black "Crazy_girl99"]
[Result "1-0"]
[WhiteElo "2639"]
[BlackElo "2490"]
[TimeControl "180+1"]
[EndTime "14:46:44 PDT"]
[Termination "MartinCerveny won by checkmate"]

1. d4 d5 2. c4 c6 3. Nf3 Nf6 4.
e3 g6 5. Nc3 Bg7 6. Bd2 O-O 7.
Rc1 e6 8. Be2 Nbd7 9. O-O b6 10.
a4 Ba6 11. cxd5 Bxe2 12. Qxe2 cxd5 13. Nb5 Ne4 14. Bb4 a6 15. Bxf8 Bxf8 16. Nc3 Nd6 17. b3 Rb8 18. Qxa6 h5 19. Qe2 b5 20. Nxb5 Nxb5 21. axb5 Qa5 22. Ng5 Be7 23. h4 Rxb5 24.
Rc8+ Kg7 25. Rfc1 Rb7 26. Qf3 Nf6 27. Qf4 Qb6 28. R8c6 Qd8 29. Rxe6 Rxb3 30. Rc7 Rb1+ 31. Kh2 Ng4+ 32. Kg3 Nh6 33. Rcxe7 Nf5+ 34. Qxf5 gxf5 35. Rxf7+ Kh8 36. Rh6+ Kg8 37. Rg6+ Kh8 38. Rh7# 1-0

[Event "*** Titled Tuesday Blitz"]
[Site "Chess.com"]
[Date "2020.04.07"]
[Round "9"]
[White "ApacheSVD"]
[Black "Arman_Hakemi"]
[Result "1/2-1/2"]
[WhiteElo "2393"]
[BlackElo "2595"]
[TimeControl "180+1"]
[EndTime "14:46:44 PDT"]
[Termination "Game drawn by agreement"]

1. e4 c6 2. c4 d5 3. cxd5 cxd5 4. exd5 Nf6 5. Nc3 Nxd5 6. Nf3 Nc6 7. Bb5 e6 8. O-O Be7 9. d4 O-O 10. Re1 Bf6 11.
Ne4 Nce7 12. Nxf6+ Nxf6 13. Bg5 Ned5 14. Ne5 h6 15. Bh4 a6 16. Bd3 b5 17. Rc1 Bb7 18.
Bb1 Rc8 19. Rxc8 Qxc8 20. h3 Qc7 21. Ng4 Nxg4 22. Qxg4 Qf4 23. Qxf4 Nxf4 24. f3 Rc8 25. Be7 Nd5 26. Bc5 Rd8 27. b4 Nf6 28. Be4 Bd5 29. Bb1 Bc4 30. a3 Nd5 31. Be4 Rd7 32. Bxd5 Rxd5 33.
Re5 Rxe5 34. dxe5 Kh7 35. Kf2 Kg6 36. g4 h5 37. Kg3 hxg4 38. hxg4 f6 39. f4 fxe5 40.
fxe5 Bd5 41. Kf4 Bc4 42. Be7 Bd5 43. Bc5 1/2-1/2

[Event "*** Titled Tuesday Blitz"]
[Site "Chess.com"]
[Date "2020.04.07"]
[Round "9"]
[White "drinbet"]
[Black "Chesswizard_2007"]
[Result "0-1"]
[WhiteElo "2280"]
[BlackElo "2602"]
[TimeControl "180+1"]
[EndTime "14:46:44 PDT"]
[Termination "Chesswizard_2007 won on time"]

1. e4 c5 2. Nf3 d6 3. d4 cxd4 4. Nxd4 Nf6 5. Nc3 a6 6. Bg5 e6 7. f4 Be7 8. Qf3 Qc7 9. O-O-O Bd7 10. Bd3 Nc6 11. Nb3 b5 12. a3 b4 13. axb4 Nxb4 14. e5 Bc6 15. Qg3 Nfd5 16. Bxe7 Qxe7 17. Nxd5 Bxd5 18.
Qxg7 O-O-O 19. exd6 Qxd6 20. Qc3+ Kb8 21. Kb1 Rc8 22.
Qe5 Qxe5 23. fxe5 Rhg8 24. Rhf1 Rxg2 25. Rxf7 Nxd3 26. Rxd3 Rcxc2 0-1

[Event "*** Titled Tuesday Blitz"]
[Site "Chess.com"]
[Date "2020.04.07"]
[Round "9"]
[White "Sesleria"]
[Black "IgorBjelobrk"]
[Result "0-1"]
[WhiteElo "1988"]
[BlackElo "2608"]
[TimeControl "180+1"]
[EndTime "14:46:44 PDT"]
[Termination "IgorBjelobrk won by resignation"]

1. e4 c5 2. Nf3 e6 3. d4 cxd4 4. Nxd4 Nf6 5. Nc3 Nc6 6. Ndb5 Bc5 7. Be3 Bxe3 8. Nd6+ Ke7 9. fxe3 Ne8 10. Nc4 a6 11. e5 b5 12. Nd6 Nxe5 13. Qh5 f6 14. Nf5+ exf5 15. Nd5+ Kf8 16. O-O-O d6 17. Bd3 Nxd3+ 18.
Rxd3 Ra7 19. g4 fxg4 20. Rf1 Rf7 21. Rd4 Kg8 22. Rdf4 Be6 23. Nc3 Qb6 24. Re4 Bd7 25. Rd1 Qd8 26. Qd5 g6 27. Rf4 Kg7 28. Rdf1 Rhf8 29.
Ne4 Qe7 30. Kb1 Qe5 31. Qb7 Bf5 32. Qxa6 Bxe4 33. Qxb5 Qxb5 0-1

[Event "*** Titled Tuesday Blitz"]
[Site "Chess.com"]
[Date "2020.04.07"]
[Round "9"]
[White "UmutErdemGunduz"]
[Black "chessintuit"]
[Result "0-1"]
[WhiteElo "2410"]
[BlackElo "2607"]
[TimeControl "180+1"]
[EndTime "14:46:49 PDT"]
[Termination "chessintuit won by resignation"]

1. e4 e5 2. Nf3 Nc6 3. Bb5 a6 4. Ba4 Nf6 5. O-O Be7 6. Re1 b5 7. Bb3 d6 8. c3 O-O 9. h3 Bb7 10. d4 Nd7 11. Be3 Na5 12. Bc2 Nc4 13. Bc1 c5 14. d5 Kh8 15. b3 Ncb6 16. a4 bxa4 17.
bxa4 a5 18. Nbd2 f5 19. exf5 Nxd5 20. Ne4 N7f6 21. Nfg5 Nxe4 22. Nxe4 Nb6 23. Qh5 Qe8 24. Qxe8 Raxe8 25. Rb1 Bxe4 26. Bxe4 Nxa4 27. Bc6 Nxc3 28. Rb3 Rc8 29. Bd7 Rc7 30. Be6 Na2 31. Bd2 Nb4 32.
Ra1 Nc6 33. Bxa5 Ra7 34. Bc3 Rxa1+ 35. Bxa1 Rb8 36. Ra3 g6 37. Kf1 Kg7 38. fxg6 hxg6 39. Ke2 Kf6 40. Bd5 Nb4 41. Bb3 d5 42. f4 d4 43. fxe5+ Kxe5 44. Bc4 Rf8 45. Ra7 Bh4 46.
Bb2 Rf2+ 47. Kd1 Rxb2 0-1

[Event "*** Titled Tuesday Blitz"]
[Site "Chess.com"]
[Date "2020.04.07"]
[Round "9"]
[White "alexwinter25"]
[Black "malandragem"]
[Result "1-0"]
[WhiteElo "2364"]
[BlackElo "2469"]
[TimeControl "180+1"]
[EndTime "14:46:49 PDT"]
[Termination "alexwinter25 won by resignation"]

1. e4 c5 2. Nf3 e6 3. d4 cxd4 4. c3 dxc3 5. Nxc3 a6 6. Bf4 Nc6 7. Be2 Nge7 8. e5 Ng6 9. Bg3 h5 10. h3 h4 11. Bh2 b5 12. O-O Bb7 13. Ne4 Rc8 14. Rc1 Qc7 15. Nd6+ Bxd6 16. exd6 Qb6 17. Ng5 Qd4 18. Qb3 O-O 19. Qf3 Qf6 20. Qh5 Rfe8 21. Qh7+ Kf8 22. Ne4 Qxb2 23. Bh5 Nce5 24. Rc7 Rxc7 25.
Nf6 Nf3+ 26. Bxf3 Qxf6 27. dxc7 Bxf3 28. Bd6+ Qe7 29. Bxe7+ Kxe7 30. gxf3 Kd6 31. Rc1 1-0

[Event "*** Titled Tuesday Blitz"]
[Site "Chess.com"]
[Date "2020.04.07"]
[Round "9"]
[White "Training_Day"]
[Black "Etoilegeniale"]
[Result "0-1"]
[WhiteElo "2332"]
[BlackElo "2493"]
[TimeControl "180+1"]
[EndTime "14:46:49 PDT"]
[Termination "Etoilegeniale won by resignation"]

1. e4 c5 2. c3 Nf6 3. e5 Nd5 4. Nf3 e6 5. d4 cxd4 6. cxd4 d6 7.
Bc4 Nc6 8. O-O Be7 9. exd6 Bxd6 10. Nc3 Nxc3 11. bxc3 O-O 12. Re1 b6 13. Ng5 h6 14.
Ne4 Ne7 15. a4 Ng6 16. Nxd6 Qxd6 17. Ba3 Qc6 18. Bxf8 Qxc4 19. Qf3 Rb8 20. Bd6 Bb7 21. Qe2 Qd5 22. f3 Qxd6 23. a5 Rc8 24. axb6 axb6 25. Ra7 Bd5 26. Qd2 Qc6 27. Rb1 b5 28.
Rb4 Bc4 29. Rb1 Qb6 30. Rba1 Bd5 31. Qd3 Qc6 32. R1a3 b4 33. cxb4 Qc1+ 34. Qf1 Qb2 35. b5 Rc1 0-1

[Event "*** Titled Tuesday Blitz"]
[Site "Chess.com"]
[Date "2020.04.07"]
[Round "9"]
[White "vaps"]
[Black "ChocolateRoses"]
[Result "0-1"]
[WhiteElo "1967"]
[BlackElo "2293"]
[TimeControl "180+1"]
[EndTime "14:46:49 PDT"]
[Termination "ChocolateRoses won on time"]

1. Nf3 d5 2. g3 Nf6 3. Bg2 Bg4 4. c4 e6 5. O-O Nbd7 6. b3 Be7 7. Bb2 O-O 8. d3 c6 9. Nbd2 a5 10. a3 b5 11. h3 Bh5 12. Nd4 Qb6 13. Rc1 Rac8 14. g4 Bg6 15. g5 Nh5 16. f4 Ng3 17. Rf3 Nf5 18. e3 Bh5 19. Nxf5 exf5 20. Qf1 Bxf3 21. Nxf3 Qxe3+ 22. Kh2 Qxf4+ 23. Kh1 Bxg5 24. Nxg5 Qxg5 25. cxd5 cxd5 26. Rxc8 Rxc8 27. Bxd5 Nf6 28. Bf3 h6 29. Be5 Rc2 30. d4 Rc1 0-1

[Event "*** Titled Tuesday Blitz"]
[Site "Chess.com"]
[Date "2020.04.07"]
[Round "9"]
[White "Harry_Rakkel"]
[Black "Pudor"]
[Result "0-1"]
[WhiteElo "2485"]
[BlackElo "2385"]
[TimeControl "180+1"]
[EndTime "14:46:51 PDT"]
[Termination "Pudor won on time"]

1. e4 c5 2. Nf3 Nc6 3. d4 cxd4 4. Nxd4 Qc7 5. Nc3 e6 6. Be2 a6 7. O-O Nf6 8. Kh1 Be7 9. f4 d6 10. Be3 O-O 11. Qe1 Nxd4 12. Bxd4 b5 13. a3 Bb7 14.
Qg3 Bc6 15. Bd3 Qb7 16. Rae1 b4 17. Nd1 bxa3 18. bxa3 g6 19. Nf2 Nh5 20. Qf3 f6 21.
Rb1 Qd7 22. Be3 f5 23. Rb6 Rfb8 24. Rfb1 Qc7 25. Qd1 Nf6 26. exf5 gxf5 27. Bd4 e5 28. fxe5 dxe5 29. Rxb8+ Rxb8 30. Ba1 Bc5 31. Nh3 Ng4 32. Rxb8+ Qxb8 33. Bc4+ Kf8 34. Be2 Ne3 0-1

[Event "*** Titled Tuesday Blitz"]
[Site "Chess.com"]
[Date "2020.04.07"]
[Round "9"]
[White "Vadim_Biliy"]
[Black "Kislov_Oleg"]
[Result "0-1"]
[WhiteElo "2237"]
[BlackElo "2432"]
[TimeControl "180+1"]
[EndTime "14:46:51 PDT"]
[Termination "Kislov_Oleg won on time"]

1. d4 Nf6 2. Nf3 d5 3. e3 e6 4.
Bd3 c5 5. O-O Nc6 6. b3 Bd6 7. Bb2 b6 8. Ne5 Bxe5 9. dxe5 Nd7 10. f4 Bb7 11. e4 Nb4 12. Qe2 Qc7 13. a3 Nxd3 14. cxd3 O-O-O 15. b4 g5 16. bxc5 Nxc5 17. Nd2 Ba6 18. Rf3 dxe4 19. Nxe4 Bxd3 20. Rxd3 Rxd3 21.
Nxc5 Qxc5+ 22. Kh1 Qd5 23. fxg5 Rd2 24. Qa6+ Kb8 25. Qf1 Rxb2 26. Rd1 Rd2 27. Re1 Rg8 28.
h4 h6 0-1

[Event "*** Titled Tuesday Blitz"]
[Site "Chess.com"]
[Date "2020.04.07"]
[Round "9"]
[White "riconaipe"]
[Black "Fins0905"]
[Result "0-1"]
[WhiteElo "2551"]
[BlackElo "2751"]
[TimeControl "180+1"]
[EndTime "14:46:52 PDT"]
[Termination "Fins0905 won by resignation"]

1. d4 d5 2. Nf3 Nf6 3. c4 c6 4. e3 Bf5 5. Nc3 e6 6. Bd3 Bg6 7. O-O Nbd7 8. Re1 Bb4 9. Ne5 Nxe5 10. dxe5 Nd7 11. f4 Bxd3 12. Qxd3 Nc5 13. Qc2 dxc4 14. Rd1 Qb6 15. Ne4 Nxe4 16. Qxe4 Qb5 17. a3 Bc5 18. a4 Qb3 19. Bd2 O-O-O 20. Kf1 Rd3 21. Rac1 Rhd8 22. Qxc4 Qxc4 23. Rxc4 Bxe3 24. Bxe3 Rxd1+ 25. Ke2 Rb1 26. b4 Rb2+ 27. Kf3 Rd3 28. Ke4 Rdb3 29. b5 Rxg2 30. bxc6 Re2 31. cxb7+ Kxb7 32. Kd4 Rexe3 33. Rc1 Rh3 34. a5 Rb5 35. Kc4 Rxa5 36. Rb1+ 0-1

[Event "*** Titled Tuesday Blitz"]
[Site "Chess.com"]
[Date "2020.04.07"]
[Round "9"]
[White "ehrenfeld"]
[Black "ferdipy"]
[Result "1-0"]
[WhiteElo "2423"]
[BlackElo "2182"]
[TimeControl "180+1"]
[EndTime "14:46:52 PDT"]
[Termination "ehrenfeld won by checkmate"]

1. e4 e6 2. d3 d5 3. Qe2 Nf6 4. Nf3 Be7 5. g3 c5 6. Bg2 O-O 7. e5 Nfd7 8. c4 Nc6 9. O-O h6 10. h4 Re8 11. Re1 a6 12. Bf4 b5 13. cxd5 exd5 14.
e6 Nf6 15. exf7+ Kxf7 16. Ne5+ Nxe5 17. Bxe5 Bf5 18. Nc3 Qd7 19. Bxf6 Bxf6 20. Bxd5+ Kg6 21. Be4 b4 22. Qg4+ Bg5 23. Bxf5+ Qxf5 24. h5+ Kf6 25. Ne4+ Rxe4 26. Qxf5+ Kxf5 27. dxe4+ Kg4 28. Kg2 Kxh5 29. f4 Be7 30. Rad1 c4 31. Rd7 Re8 32. Rc7 c3 33.
bxc3 bxc3 34. Rxc3 Bb4 35. Rh1+ Kg6 36. Rc6+ Kh7 37.
Kf3 a5 38. e5 Rd8 39. Rh2 Rd3+ 40. Ke4 Rd1 41. Rc7 Rg1 42. Rh3 Re1+ 43. Kf5 Ra1 44. Rh2 Rg1 45. g4 Rf1 46. g5 Bd2 47. g6+ Kg8 48.
Rc8# 1-0

[Event "*** Titled Tuesday Blitz"]
[Site "Chess.com"]
[Date "2020.04.07"]
[Round "9"]
[White "Perecke"]
[Black "Mikromurks"]
[Result "0-1"]
[WhiteElo "2163"]
[BlackElo "2328"]
[TimeControl "180+1"]
[EndTime "14:46:52 PDT"]
[Termination "Mikromurks won on time"]

1. e4 d6 2. d4 Nf6 3. Nc3 Nbd7 4. Bc4 e5 5. Nf3 Be7 6. O-O O-O 7. h3 c6 8. a4 Qc7 9. Be3 b6 10. Bb3 Bb7 11. Qd2 a6 12. Rad1 b5 13. axb5 axb5 14. dxe5 dxe5 15. g4 Nc5 16. Bxc5 Bxc5 17. g5 Nh5 18.
Qd7 Qxd7 19. Rxd7 Bc8 20. Rc7 Bxh3 21. Rd1 Bg4 22. Rd3 Nf4 23. Rxf7 Rxf7 24. Bxf7+ Kh8 25. Re3 Bxe3 26. fxe3 Bxf3 27. exf4 exf4 28. e5 b4 0-1

[Event "*** Titled Tuesday Blitz"]
[Site "Chess.com"]
[Date "2020.04.07"]
[Round "9"]
[White "DeGrootteZ"]
[Black "Superfelix"]
[Result "1-0"]
[WhiteElo "2718"]
[BlackElo "2515"]
[TimeControl "180+1"]
[EndTime "14:46:55 PDT"]
[Termination "DeGrootteZ won by resignation"]

1. e4 c6 2. d4 g6 3. c4 d5 4. exd5 cxd5 5. Nc3 Nf6 6. Qb3 Bg7 7. cxd5 O-O 8. g3 Nbd7 9. Bg2 Nb6 10. Nge2 Bg4 11. O-O Bxe2 12. Nxe2 Nfxd5 13. Rd1 e6 14. a4 a5 15. Nc3 Nb4 16. Bxb7 Rb8 17. Bf3 Bxd4 18. Nb5 e5 19. Be3 Qf6 20. Nxd4 exd4 21. Bxd4 Qf5 22. Bg2 Nc2 23. Rac1 Nxd4 24. Rxd4 Rfe8 25. Rf4 Qe6 26. Qxe6 Rxe6 27. h4 Re5 28. Rc7 f5 29. Bf3 Nd5 30. Bxd5+ Rxd5 31. Rfc4 Rxb2 32. Ra7 Rd1+ 33. Kg2 Rd8 34.
Rcc7 Ra2 35. Rxa5 h5 36. Raa7 Re2 37. Kf3 Ra2 38. Kf4 Rxf2+ 39. Kg5 f4 40. Rg7+ Kf8 41.
Rh7 Kg8 42. Kh6 1-0

[Event "*** Titled Tuesday Blitz"]
[Site "Chess.com"]
[Date "2020.04.07"]
[Round "9"]
[White "Qvalda"]
[Black "aquaticpineapples"]
[Result "1-0"]
[WhiteElo "2365"]
[BlackElo "2234"]
[TimeControl "180+1"]
[EndTime "14:46:55 PDT"]
[Termination "Qvalda won by checkmate"]

1. e4 d5 2. exd5 Qxd5 3. d4 Nc6 4. Nf3 Bg4 5. Nc3 Qa5 6. Bb5 O-O-O 7. Bxc6 bxc6 8. h3 Qh5 9. Qe2 Bxf3 10. gxf3 Rxd4 11.
Be3 Rb4 12. Qa6+ Rb7 13. O-O-O Qxf3 14. Bxa7 e6 15. Rhe1 Bd6 16. Ne4 Nf6 17. Nxd6+ cxd6 18. Re3 Qg2 19. Rb3 Qg5+ 20. Be3 Qb5 21. Rxb5 cxb5 22. Rxd6 Nd5 23. Rc6+ Kb8 24. Bc5 Rd8 25. Bd6+ Rxd6 26. Rxd6 Nb4 27. Rd8+ Kc7 28. Rd7+ Kxd7 29. Qxb7+ Kd6 30.
Qxb5 Nc6 31. a4 e5 32. Qd3+ Ke6 33. Qxh7 g6 34. Qh4 Nd4 35. a5 f6 36. a6 Nf3 37.
Qg4+ f5 38. Qxf3 e4 39. Qb3+ Kd7 40. a7 Kc7 41. a8=Q e3 42. Qa7+ Kd6 43. Qd4+ Ke7 44.
Qdxe3+ Kf6 45. Qd4+ Kg5 46. Qg3+ Kh5 47. Qh8# 1-0

[Event "*** Titled Tuesday Blitz"]
[Site "Chess.com"]
[Date "2020.04.07"]
[Round "9"]
[White "AttilaTurzo"]
[Black "2L8IWUN"]
[Result "0-1"]
[WhiteElo "2496"]
[BlackElo "2392"]
[TimeControl "180+1"]
[EndTime "14:46:56 PDT"]
[Termination "2L8IWUN won by resignation"]

1. d4 Nf6 2. Nf3 d5 3. Bf4 e6 4.
e3 Bd6 5. Bg3 O-O 6. Nbd2 c5 7.
c3 Qc7 8. Bd3 Nbd7 9. O-O Bxg3 10. hxg3 b6 11. Re1 Bb7 12. Qe2 h6 13. Rac1 e5 14.
dxe5 Nxe5 15. Nxe5 Qxe5 16. e4 dxe4 17. Nxe4 Nxe4 18. Bxe4 Bxe4 19. Qxe4 Qxe4 20. Rxe4 Rad8 21. Rce1 Rd2 22. R1e2 Rfd8 23. f3 f5 24. Re7 Rxe2 25. Rxe2 Kf7 26. Kf2 g6 27. a4 Rd6 28. f4 c4 29. Kf3 Rd5 30. Kf2 Ra5 31. Rd2 Rxa4 32.
Rd7+ Ke6 33. Rg7 Kf6 34. Rc7 Ra2 35. Rxc4 Rxb2+ 36. Kf3 a5 37. Rc6+ Kf7 38. Rc7+ Ke6 39. Rc6+ Kd5 40. Rxg6 a4 41. Rf6 a3 42. Rxf5+ Kc4 43.
Rf8 Rb5 44. Ra8 Ra5 45. Re8 a2 46. Re1 a1=Q 47. Rxa1 Rxa1 48. Kg4 Rg1 49. f5 Kd5 50. Kh5 Rxg2 51. g4 Ke5 52. Kxh6 Rxg4 0-1

[Event "*** Titled Tuesday Blitz"]
[Site "Chess.com"]
[Date "2020.04.07"]
[Round "9"]
[White "medalja"]
[Black "Shivagami"]
[Result "1-0"]
[WhiteElo "2449"]
[BlackElo "2186"]
[TimeControl "180+1"]
[EndTime "14:46:56 PDT"]
[Termination "medalja won on time"]

1. d4 Nf6 2. c4 c5 3. d5 e6 4. Nc3 exd5 5. cxd5 d6 6. e4 g6 7. f4 Bg7 8. Bb5+ Bd7 9. e5 dxe5 10. fxe5 Nh5 11. Nf3 O-O 12. O-O Bxb5 13. Nxb5 Nd7 14. e6 Qb6 15. Qe2 fxe6 16. dxe6 Rae8 17. Ng5 h6 18.
Qc4 Ne5 19. Rxf8+ Bxf8 20. Qd5 c4+ 21. Nd4 hxg5 22. e7+ Nf7 23. exf8=Q+ Rxf8 24. Bxg5 Re8 25. Rf1 Rf8 26. Bh6 1-0

[Event "*** Titled Tuesday Blitz"]
[Site "Chess.com"]
[Date "2020.04.07"]
[Round "9"]
[White "vovachesss"]
[Black "tomsishere"]
[Result "0-1"]
[WhiteElo "2600"]
[BlackElo "2343"]
[TimeControl "180+1"]
[EndTime "14:46:57 PDT"]
[Termination "tomsishere won by resignation"]

1. e4 c5 2. d4 cxd4 3. c3 Nf6 4. e5 Nd5 5. Nf3 e6 6. Bc4 d6 7. O-O Be7 8. Bxd5 exd5 9. exd6 Qxd6 10. Qxd4 Bf6 11.
Re1+ Be6 12. Qa4+ Nc6 13. Bf4 Qd7 14. Nbd2 O-O 15. Nb3 Bg4 16. Nc5 Qc8 17. Bg3 Bxf3 18. gxf3 b6 19. Nd3 Qf5 20. Nf4 Rac8 21. Rad1 Rfd8 22.
Nxd5 Rxd5 23. Qa6 Rxd1 24. Rxd1 Re8 25. Qb7 Qxf3 26. Rf1 Ne5 27. Qxa7 Qd5 28. Bxe5 Bxe5 29. Qxb6 Re6 30. c4 Bxh2+ 31. Kxh2 Qh5+ 32. Kg3 Rxb6 33. Rd1 Rg6+ 34. Kf4 Qxd1 0-1